 Dungeon Crawl Stone Soup version 0.18.1-48-g4cf74bf (webtiles) character file.

239 Gadfly the Insei (level 5, -7/42 HPs)
             Began as a Demonspawn Monk on Aug 16, 2016.
             Mangled by an ogre
             ... wielding a +0 giant spiked club
              (24 damage)
             ... on level 4 of the Dungeon.
             The game lasted 00:06:49 (3009 turns).

Gadfly the Insei (Demonspawn Monk)                  Turns: 3009, Time: 00:06:49

Health: -7/42      AC:  8    Str: 11    XL:     5   Next: 79%
Magic:  5/5        EV: 12    Int: 11    God:
Gold:   110        SH:  0    Dex: 17    Spells: 0 memorised, 4 levels left

rFire  . . .     SeeInvis .       - Unarmed
rCold  . . .     Gourm    .     l - +0 ring mail
rNeg   . . .     Faith    .     (no shield)
rPois  .         Spirit   .     o - +1 hat
rElec  .         Dismiss  .     (no cloak)
rCorr  .         Reflect  .     (no gloves)
SustAt .         Harm     .     p - +1 pair of boots
MR     +....                    (no amulet)
Stlth  +.........               (no ring)
                                c - ring of protection from magic

@: somewhat resistant to hostile enchantments, very unstealthy
A: horns 1, powered by death 2
a: no special abilities


You were on level 4 of the Dungeon.
You were not hungry.

You visited 1 branch of the dungeon, and saw 4 of its levels.

You collected 110 gold pieces.

Inventory:

Armour
 l - a +0 ring mail (worn)
 o - a +1 hat (worn)
 p - a +1 pair of boots (worn)
Jewellery
 c - a ring of protection from magic (left hand)
Scrolls
 a - 3 scrolls of recharging
 d - 5 scrolls of remove curse
 e - a scroll of fog
 j - a scroll of teleportation
 m - 4 scrolls of identify
 n - a scroll of enchant weapon
Potions
 h - a potion of curing
Comestibles
 b - 7 bread rations
 f - 7 fruits
 g - 3 chunks of flesh
 i - a beef jerky
 s - 2 meat rations


   Skills:
 + Level 4.0 Fighting
 + Level 2.0 Armour
 + Level 3.9 Dodging
 - Level 1.7 Stealth
 + Level 4.6 Unarmed Combat


You had 4 spell levels left.
You didn't know any spells.

Dungeon Overview and Level Annotations

Branches:
Dungeon (4/15)
 Temple: D:4-7

Altars:
Dithmenos
Gozag
Trog


Innate Abilities, Weirdness & Mutations

You have a pair of small horns on your head.
You regenerate health from kills.


Message History

You barely miss the ogre.
The ogre is heavily wounded.
You hit the ogre. Your headbutt misses the ogre.
The ogre is severely wounded.
The ogre closely misses you.
Drink which item? (? for menu, Esc to quit)
Okay, then.
You barely miss the ogre.
The ogre is severely wounded.
The ogre hits you but does no damage.
You hit the ogre. You headbutt the ogre.
The ogre is almost dead.
You hit the ogre.
The ogre is almost dead.
The ogre hits you with a giant spiked club!
Your ring mail prevents you from hitting the ogre.
The ogre is almost dead.
The ogre hits you with a giant spiked club!!
Ouch! That really hurt!
You die...

#......#......#
#......#......#
####'##+####...#
#..........#...#
#..........#...+
#..........#...#
#..........#...#
#..........#...#
#..........@...#
#.........O#...#..........
###..........###'#..........
#...#####+#...............#
##........#...............#
#........#...............#
#........#..............[#
#........#...............#
###+##...#...............#


You could see an ogre.

Vanquished Creatures
  The ghost of Gadfly the Insei, an amateur DsMo of Qazlal (D:3)
  Terence (D:2)
  6 adders
  3 worms
  3 dart slugs (D:1)
  3 giant geckos
  3 orcs
  A ball python (D:1)
  3 giant cockroaches (D:1)
  6 goblins
  8 hobgoblins
  3 jackals (D:3)
  4 kobolds
  7 bats
  4 giant newts
  7 rats
63 creatures vanquished.

Notes
Turn   | Place    | Note
--------------------------------------------------------------
     0 | D:1      | Gadfly the Demonspawn Monk began the quest for the Orb.
     0 | D:1      | Reached XP level 1. HP: 18/18 MP: 1/1
   335 | D:1      | Gained mutation: You regenerate a little health from kills. [demonic ancestry]
   335 | D:1      | Reached XP level 2. HP: 24/24 MP: 2/2
   710 | D:1      | Reached XP level 3. HP: 29/29 MP: 3/3
  1186 | D:2      | Noticed Terence
  1208 | D:2      | Killed Terence
  1214 | D:2      | Found an opulent altar of Gozag.
  1244 | D:2      | Reached skill level 1 in Armour
  1244 | D:2      | Gained mutation: You regenerate health from kills. [demonic ancestry]
  1244 | D:2      | Reached XP level 4. HP: 18/36 MP: 4/4
  1383 | D:2      | Found a bloodstained altar of Trog.
  2143 | D:3      | Noticed Gadfly's ghost (amateur DsMo)
  2178 | D:3      | Killed Gadfly's ghost
  2178 | D:3      | Gained mutation: You have a pair of small horns on your head. [demonic ancestry]
  2178 | D:3      | Reached XP level 5. HP: 14/42 MP: 5/5
  2207 | D:3      | Found a shadowy altar of Dithmenos.
  2994 | D:4      | Noticed an ogre
  3009 | D:4      | Mangled by an ogre

Skill      XL: |  1  2  3  4  5 |
---------------+----------------+-----
Dodging        | 3 |  3.9
Unarmed Combat | 4 |  4.6
Armour         | 1 2 |  2.0
Fighting       | 4 |  4.0
Stealth        | |  1.7

Action                   |  1- 3 |  4- 6 || total
-------------------------+-------+-------++-------
Melee: Unarmed           |   159 |   165 ||   324
       Punch             |     4 |       ||     4
       Headbutt          |       |    11 ||    11
  Use: Scroll            |    10 |     3 ||    13
       Potion            |     3 |     2 ||     5
 Stab: Sleeping          |     1 |     1 ||     2
       Distracted        |       |     1 ||     1
  Eat: Chunk             |     2 |     6 ||     8
Armor: Robe              |     7 |       ||     7
       Ring mail         |    60 |    39 ||    99
Dodge: Dodged            |   108 |    75 ||   183
